 Dungeon Sprint DCSS version 0.30.1-3-gfc49f6343a (webtiles) character file.

Game seed: 9274509828334087142

57956 boopmooplesden the Swordmaster (level 14, -5/168 HPs)
             Began as a Minotaur Berserker on July 28, 2023.
             Was the Champion of Trog.
             Killed from afar by an ironbound thunderhulk (41 damage)
             ... with a bolt of lightning
             ... in the Dungeon (Sprint IX: "|||||||||||||||||||||||||||||").
             The game lasted 00:15:54 (4530 turns).

boopmooplesden the Swordmaster (Minotaur Berserker) Turns: 4530, Time: 00:15:54

Health: -5/168     AC: 33    Str: 26    XL:     14   Next: 47%
Magic:  4/4        EV: 17    Int:  4    God:    Trog [******]
Gold:   1524       SH:  0    Dex: 11    Spells: 13/13 levels left

rFire   . . .        A - +5 triple sword (antimagic)
rCold   . . .        (shield currently unavailable)
rNeg    . . .        B - +2 plate armour
rPois   .            v - +1 hat {SInv}
rElec   .            I - +1 cloak {Will+}
rCorr   .            m - +0 pair of gloves
SInv    +            C - +1 pair of boots {Stlth+}
Will    ++++.        (no amulet) Stlth
                     p - +2 ring of evasion
HPRegen 1.48/turn    o - +2 ring of evasion
MPRegen 0.09/turn

%: no teleportation
@: strong-willed, on berserk cooldown, regenerating, slowed, very slow
A: horns 2, retaliatory headbutt
a: Renounce Religion, Berserk, Trog's Hand, Brothers in Arms


You were in the Dungeon.
You worshipped Trog.
Trog was exalted by your worship.
You visited 1 branch You collected 1729 gold pieces.
You spent 205 gold pieces at shops.

Inventory:

Hand Weapons
 a - a +0 falchion
 d - the +7 falchion of Demand {flame, Will+ Str+5}
   (Trog gifted it to you in the Dungeon)

   Str:       It affects your strength (+5).
   Will:      It increases your willpower.
 k - a +2 scimitar of flaming
 q - a +2 antimagic long sword
 s - the +9 great sword of the Real Monster {flame, Will- Dex+4}
   (Trog gifted it to you in the Dungeon)

   Dex:       It affects your dexterity (+4).
   Will:      It decreases your willpower.
 w - a +4 great sword of flaming
 A - a +5 antimagic triple sword (weapon)
 L - a +3 double sword
Missiles
 D - 2 throwing nets (quivered)
Armour
 b - a +0 animal skin
 l - a +0 pair of boots
 m - a +0 pair of gloves (worn)
 n - a +1 chain mail
 v - a +1 hat of see invisible (worn)
 y - a +0 cloak
 B - a +2 plate armour (worn)
 C - a +1 pair of boots of stealth (worn)
 I - a +1 cloak of willpower (worn)
Jewellery
 o - a +2 ring of evasion (right hand)
 p - a +2 ring of evasion (left hand)
 x - a +4 ring of protection
 E - a ring of willpower
 F - a ring of protection from fire
 G - a ring of see invisible
 H - a ring of poison resistance
Wands
 j - a wand of quicksilver (7)
 z - a wand of flame (14)
 J - a wand of roots (7)
Scrolls
 h - 3 scrolls of blinking
 t - 2 scrolls of fog
 u - 2 scrolls of fear
 K - a scroll of identify
Potions
 c - 3 potions of curing
 e - 3 potions of haste
 f - 4 potions of magic
 g - 2 potions of berserk rage
 i - a potion of invisibility
 r - a potion of might


   Skills:
 O Level 27 Fighting
 O Level 27 Long Blades
 + Level 25.7 Armour
 + Level 12.6 Dodging
 + Level 3.0 Stealth
 + Level 3.5 Evocations


You had 13 spell levels left.
You didn't know any spells.
Your spell library was empty.

Dungeon Overview and Level Annotations

Branches:
Dungeon (1/1)

Altars:
Cheibriados
Dithmenos
Elyvilon
Fedhas
Gozag
Hepliaklqana
Kikubaaqudgha
Makhleb
Nemelex Xobeh
Okawaru
Qazlal
Ru
Sif Muna
Trog
Uskayaw
Vehumet
Wu Jian
Xom
Yredelemnul
Zin
The Shining One
Jiyva
Lugonu

Shops:
D [[[*


Innate Abilities, Weirdness & Mutations

You have a pair of horns on your head.
You reflexively headbutt those who attack you in melee.


Message History

The yaktaur captain is almost dead.
You slash the yaktaur captain!
You kill the yaktaur captain!
Trog accepts your kill.
An ironbound preserver comes into view. It is wielding a +0 great mace.
The ironbound preserver shouts!
The ironbound thunderhulk hits you with a +0 dire flail.
* * * LOW HITPOINT WARNING * * *
You see here a +0 arbalest.
You slash the ironbound thunderhulk!
The ironbound thunderhulk's magic leaks into the air.
You headbutt the ironbound thunderhulk.
The ironbound thunderhulk is moderately wounded.
You closely miss the ironbound thunderhulk.
Your headbutt misses the ironbound thunderhulk.
The ironbound thunderhulk is moderately wounded.
A yaktaur captain comes into view.
The ironbound convoker begins to recite a word of recall!
You dice the ironbound thunderhulk like an onion!!!
The ironbound thunderhulk's magic leaks into the air.
You headbutt the ironbound thunderhulk!
The ironbound thunderhulk is almost dead.
You are no longer berserk.
You are exhausted.
You feel yourself slow down.
Strange energies crackle from the ironbound thunderhulk's apparatus.
The ironbound thunderhulk blinks!
A slime creature comes into view.
Electricity crackles from the ironbound thunderhulk's apparatus.
The bolt of lightning misses you.
You hit the ironbound convoker but do no damage.
You headbutt the ironbound convoker.
The ironbound convoker is lightly wounded.
The ironbound thunderhulk's magic is no longer disrupted.
The guardian mummy is recalled.
The purple draconian is recalled.
The nagaraja is recalled.
The nagaraja hits you but does no damage.
Electricity crackles from the ironbound thunderhulk's apparatus.
The bolt of lightning hits you!!!
You die...

.▓.▓.▓.▓.▓.▓)▓.▓)▓
.▓.▓)▓.▓.▓.▓(▓.▓O▓
.▓.▓)▓.▓.▓.▓)▓.▓)▓
'▓.▓)▓)▓.▓.▓.▓.▓)▓
†▓.▓)▓.▓)▓.▓.▓.▓.▓
†▓.▓)▓.▓)▓.▓.▓.▓)▓
.▓.▓.▓.▓÷▓.▓.▓.▓N▓
.▓.▓.▓.▓)▓.▓)▓.▓d▓
.▓.▓∩▓.▓)▓.▓)▓.▓@▓
.▓.▓.▓.▓[▓.▓)▓.▓p▓
.▓.▓∩▓.▓[▓.▓.▓.▓p▓
.▓.▓.▓.▓÷▓.▓)▓.▓M▓
.▓.▓∩▓.▓.▓.▓)▓.▓c▓
.▓.▓)▓.▓.▓.▓.▓.▓.▓
)▓.▓∩▓.▓.▓.▓.▓.▓J▓
.▓.▓.▓.▓.▓.▓.▓.▓.▓
'▓.▓)▓.▓.▓.▓.▓.▓


You could see an ironbound preserver, a purple draconian, an ironbound
thunderhulk (strong), a nagaraja, a yaktaur captain, a slime creature, an
ironbound convoker (catching breath) and a guardian mummy.

Vanquished Creatures
  A tentacled monstrosity (D)
  Gastronok (D)
  A nagaraja (D)
  2 fire giants (D)
  A frost giant (D)
  A ghost moth (D)
  2 stone giants (D)
  A spriggan defender (D)
  2 ironbound thunderhulks (D)
  2 bunyips (D)
  An ettin (D)
  2 merfolk impalers (D)
  2 yaktaur captains (D)
  A fire dragon (D)
  A great orb of eyes (D)
  Harold (D)
  2 ice dragons (D)
  A hydra (D)
  2 rakshasas (D)
  A spriggan air mage (D)
  A death knight (D)
  An anaconda (D)
  A boulder beetle (D)
  3 centaur warriors (D)
  A deep troll earth mage (D)
  A naga warrior (D)
  A tengu warrior (D)
  A spriggan berserker (D)
  A shock serpent (D)
  A skeletal warrior (D)
  A pharaoh ant (D)
  A goliath frog (D)
  2 glowing orange brains (D)
  A swamp dragon (D)
  2 orb spiders (D)
  A bog body (D)
  2 spriggan druids (D)
  A deep elf pyromancer (D)
  A steelbarb worm (D)
  2 harpies (D)
  2 necromancers (D)
  A wizard (D)
  A salamander (D)
  An ugly thing (D)
  6 orc sorcerers (D)
  A mana viper (D)
  2 orc knights (D)
  2 manticores (D)
  A cyclops (D)
  2 wolf spiders (D)
  A merfolk siren (D)
  An elephant (D)
  A black mamba (D)
  A guardian serpent (D)
  4 komodo dragons (D)
  3 cane toads (D)
  Psyche (D)
  A yaktaur (D)
  A rime drake (D)
  3 tengu conjurers (D)
  A raiju (shapeshifter) (D)
  A troll (D)
  A merfolk (D)
  A blink frog (D)
  A jumping spider (D)
  A slime creature (D)
  A water elemental (D)
  4 yaks (D)
  Eustachio (D)
  A vampire mosquito (D)
  A naga (D)
  An acid dragon (D)
  5 hell hounds (D)
  3 water moccasins (D)
  A black bear (D)
  8 orc warriors (D)
  3 wolves (D)
  An ogre (D)
  2 bullfrogs (D)
  A scorpion (D)
  A jelly (D)
  2 orc priests (D)
  A sleepcap (D)
  16 orc wizards (D)
  7 orcs (D)
  A giant cockroach (D)
  3 goblins (D)
  A ball python (D)
161 creatures vanquished.

Vanquished Creatures (collateral kills)
  A frost giant (D)
  An ironbound preserver (D)
  An eleionoma (D)
  An ice dragon (D)
  A rakshasa (D)
  A lindwurm (D)
  A wizard (D)
  2 ironbound convokers (D)
  3 vault sentinels (D)
  2 slime creatures (D)
14 creatures vanquished.

Grand Total: 175 creatures vanquished

Notes
Turn   | Place    | Note
-------+----------+-------------------------------------------
     0 | D        | boopmooplesden the Minotaur Berserker began the quest for
                  | the Orb.
     0 | D        | Reached XP level 1. HP: 19/19 MP: 0/0
    14 | D        | Reached ** piety under Trog
    70 | D        | Noticed a jelly
    70 | D        | Noticed a sleepcap
    70 | D        | Noticed a scorpion
    70 | D        | Noticed an ogre
    72 | D        | Killed a jelly
    73 | D        | Reached skill level 5 in Fighting
    73 | D        | Reached XP level 2. HP: 30/30 MP: 1/1
    73 | D        | Reached XP level 3. HP: 37/37 MP: 2/2
    73 | D        | Reached *** piety under Trog
    77 | D        | Reached XP level 4. HP: 45/45 MP: 3/3
    81 | D        | Killed a scorpion
    84 | D        | Killed an ogre
    85 | D        | Reached skill level 5 in Dodging
    85 | D        | Reached XP level 5. HP: 50/56 MP: 4/4
    88 | D        | Found a snail-covered altar of Cheibriados.
    88 | D        | Found a shadowy altar of Dithmenos.
    88 | D        | Found a white marble altar of Elyvilon.
    88 | D        | Found a blossoming altar of Fedhas.
    88 | D        | Found an opulent altar of Gozag.
    89 | D        | Found a hazy altar of Hepliaklqana.
    90 | D        | Found a viscous altar of Jiyva.
    91 | D        | Found an ancient bone altar of Kikubaaqudgha.
    92 | D        | Found a corrupted altar of Lugonu.
    93 | D        | Found a burning altar of Makhleb.
    94 | D        | Found a sparkling altar of Nemelex Xobeh.
    95 | D        | Found an iron altar of Okawaru.
    96 | D        | Found a stormy altar of Qazlal.
    97 | D        | Found a sacrificial altar of Ru.
    98 | D        | Found a shimmering blue altar of Sif Muna.
    99 | D        | Found a bloodstained altar of Trog.
   100 | D        | Found a hide-covered altar of Uskayaw.
   101 | D        | Found a radiant altar of Vehumet.
   102 | D        | Found an ornate altar of the Wu Jian Council.
   103 | D        | Found a shimmering altar of Xom.
   104 | D        | Found a basalt altar of Yredelemnul.
   105 | D        | Found a glowing silver altar of Zin.
   106 | D        | Found a glowing golden altar of the Shining One.
   157 | D        | Noticed an acid dragon
   157 | D        | Noticed a troll
   157 | D        | Noticed a yak
   157 | D        | Noticed a yak
   160 | D        | Reached **** piety under Trog
   161 | D        | Reached skill level 5 in Armour
   164 | D        | Killed an acid dragon
   165 | D        | Reached skill level 10 in Fighting
   165 | D        | Reached skill level 10 in Long Blades
   165 | D        | Reached XP level 6. HP: 66/66 MP: 5/5
   170 | D        | Killed a troll
   171 | D        | Reached XP level 7. HP: 74/74 MP: 6/6
   173 | D        | Killed a yak
   177 | D        | Reached ***** piety under Trog
   184 | D        | Killed a yak
   355 | D        | Noticed a slime creature
   355 | D        | Noticed a blink frog
   355 | D        | Noticed a tengu conjurer
   355 | D        | Noticed a vampire mosquito
   355 | D        | Noticed a purple ugly thing
   355 | D        | Noticed a centaur warrior
   361 | D        | Killed a slime creature
   362 | D        | Reached XP level 8. HP: 85/85 MP: 7/7
   364 | D        | Killed a tengu conjurer
   364 | D        | Received a gift from Trog
   368 | D        | Killed a purple ugly thing
   369 | D        | Reached skill level 15 in Long Blades
   371 | D        | a blink frog changed into a raiju
   371 | D        | Noticed a raiju (shapeshifter)
   376 | D        | Killed a raiju
   378 | D        | Reached XP level 9. HP: 95/95 MP: 8/8
   384 | D        | Killed a centaur warrior
   500 | D        | Noticed a cane toad
   500 | D        | Noticed a komodo dragon
   504 | D        | Killed a cane toad
   511 | D        | Reached skill level 15 in Fighting
   518 | D        | Killed a komodo dragon
   519 | D        | Reached skill level 10 in Armour
   519 | D        | Received a gift from Trog
   525 | D        | Reached ****** piety under Trog
   536 | D        | Reached XP level 10. HP: 106/107 MP: 9/9
   657 | D        | Noticed an elephant
   667 | D        | Killed an elephant
   668 | D        | Noticed a cane toad
   671 | D        | Noticed a cane toad
   672 | D        | Received a gift from Trog
   686 | D        | Reached skill level 10 in Dodging
   690 | D        | Killed a cane toad
   697 | D        | Killed a cane toad
   987 | D        | Received a gift from Trog
  1116 | D        | Noticed Psyche
  1132 | D        | Killed Psyche
  1227 | D        | Received a gift from Trog
  1239 | D        | Received a gift from Trog
  1257 | D        | Received a gift from Trog
  1426 | D        | Noticed an orc knight
  1426 | D        | Noticed an orc sorcerer
  1438 | D        | Killed an orc knight
  1439 | D        | Reached XP level 11. HP: 108/119 MP: 3/10
  1442 | D        | Killed an orc sorcerer
  1449 | D        | Received a gift from Trog
  1450 | D        | Noticed an orc knight
  1467 | D        | Killed an orc knight
  1468 | D        | Reached skill level 1 in Stealth
  1748 | D        | Found Cuusig's Armour Emporium.
  1749 | D        | Received a gift from Trog
  1751 | D        | Noticed an orc sorcerer
  1756 | D        | Found Zehieluk's Antique Armour Shoppe.
  1756 | D        | Noticed an orc sorcerer
  1762 | D        | Killed an orc sorcerer
  1765 | D        | Killed an orc sorcerer
  1765 | D        | Received a gift from Trog
  1768 | D        | Found Taxego's Antique Armour Emporium.
  1772 | D        | Found Toatzouj's General Store.
  1775 | D        | Noticed an orc sorcerer
  1776 | D        | Noticed an orc sorcerer
  1777 | D        | Noticed an orc sorcerer
  1784 | D        | Noticed a sun demon
  1790 | D        | Killed an orc sorcerer
  1800 | D        | Noticed a sun demon
  1808 | D        | Killed an orc sorcerer
  1808 | D        | Received a gift from Trog
  1815 | D        | Killed an orc sorcerer
  1838 | D        | Bought a +0 pair of boots of stealth for 115 gold pieces
  1854 | D        | Bought a scroll of enchant armour for 90 gold pieces
  1974 | D        | Noticed Gastronok
  1985 | D        | Killed Gastronok
  1985 | D        | Received a gift from Trog
  2021 | D        | Noticed Harold
  2032 | D        | Killed Harold
  2146 | D        | Noticed a centaur warrior
  2146 | D        | Noticed a skeletal warrior
  2146 | D        | Noticed a death knight
  2148 | D        | Killed a centaur warrior
  2149 | D        | Noticed a deep elf pyromancer
  2154 | D        | Killed a skeletal warrior
  2155 | D        | Noticed a centaur warrior
  2157 | D        | Noticed a necromancer
  2158 | D        | Noticed a necromancer
  2161 | D        | Killed a death knight
  2161 | D        | Received a gift from Trog
  2162 | D        | Reached XP level 12. HP: 125/134 MP: 3/11
  2164 | D        | Noticed a deep troll earth mage
  2179 | D        | Killed a centaur warrior
  2193 | D        | Noticed a rakshasa
  2201 | D        | Killed a deep troll earth mage
  2201 | D        | Received a gift from Trog
  2206 | D        | Noticed an ice dragon
  2225 | D        | Killed a rakshasa
  2239 | D        | Killed an ice dragon
  2646 | D        | Noticed Eustachio
  2656 | D        | Killed Eustachio
  2696 | D        | Noticed a bunyip
  2696 | D        | Noticed a six-headed hydra
  2696 | D        | Noticed a bunyip
  2708 | D        | Killed a bunyip
  2717 | D        | Killed a nine-headed hydra
  2718 | D        | Reached skill level 15 in Armour
  2724 | D        | Killed a bunyip
  2724 | D        | Received a gift from Trog
  2734 | D        | Noticed an eleionoma
  2736 | D        | Identified the +7 falchion of Demand {flame, Will+ Str+5}
                  | (Trog gifted it to you in the Dungeon)
  2736 | D        | Received a gift from Trog
  2739 | D        | HP: 5/140 [eleionoma (11)]
  2743 | D        | Killed an eleionoma
  3065 | D        | Noticed a boulder beetle
  3065 | D        | Noticed a ghost moth
  3079 | D        | Reached XP level 13. HP: 148/148 MP: 0/12
  3084 | D        | Killed a ghost moth
  3093 | D        | Received a gift from Trog
  3240 | D        | Noticed a merfolk impaler
  3246 | D        | Noticed a merfolk impaler
  3255 | D        | Received a gift from Trog
  3265 | D        | Killed a merfolk impaler
  3275 | D        | Killed a merfolk impaler
  3276 | D        | Reached skill level 27 in Long Blades
  3465 | D        | Noticed a nagaraja
  3473 | D        | Killed a nagaraja
  3474 | D        | Received a gift from Trog
  3631 | D        | Noticed a fire giant
  3631 | D        | Noticed an ettin
  3631 | D        | Noticed a frost giant
  3631 | D        | Noticed a stone giant
  3631 | D        | Noticed a fire giant
  3633 | D        | Noticed a fire dragon
  3644 | D        | Noticed a tentacled monstrosity
  3644 | D        | Killed a fire giant
  3644 | D        | Received a gift from Trog
  3652 | D        | Killed a frost giant
  3656 | D        | Killed a stone giant
  3661 | D        | Killed a fire giant
  3661 | D        | Received a gift from Trog
  3662 | D        | Noticed a stone giant
  3668 | D        | Killed a tentacled monstrosity
  3669 | D        | Reached skill level 27 in Fighting
  3672 | D        | Killed an ettin
  3676 | D        | Noticed a frost giant
  3679 | D        | Killed a fire dragon
  3682 | D        | Killed a stone giant
  3682 | D        | Received a gift from Trog
  3704 | D        | Reached XP level 14. HP: 40/168 MP: 4/13
  3709 | D        | Killed a frost giant
  3710 | D        | Reached skill level 1 in Evocations
  3716 | D        | Received a gift from Trog
  4180 | D        | Noticed a spriggan defender
  4192 | D        | Killed a spriggan defender
  4476 | D        | Identified the +9 great sword of the Real Monster {flame,
                  | Will- Dex+4} (Trog gifted it to you in the Dungeon)
  4476 | D        | Received a gift from Trog
  4485 | D        | Received a gift from Trog
  4486 | D        | Noticed an ironbound thunderhulk
  4491 | D        | Killed an ironbound thunderhulk
  4496 | D        | Noticed an ironbound preserver
  4496 | D        | Received a gift from Trog
  4500 | D        | Noticed an ironbound thunderhulk
  4505 | D        | Killed an ironbound preserver
  4507 | D        | Noticed an ironbound thunderhulk
  4519 | D        | Killed an ironbound thunderhulk
  4525 | D        | Noticed an ironbound preserver
  4530 | D        | Killed from afar by an ironbound thunderhulk

Illustrated notes

Levels and vault maps discovered:
D:        linesprint [early_d, line_temple, items_1, d_10, items_2, lair_1,
          lair_end, items_3, orc_1, orc_end, items_4, d_15, swamp_1, shoals_1,
          snake_1, spider_1, d_20, vaults_1, items_5, swamp_end, shoals_end,
          snake_end, spider_end, vaults_end, d_27, items_6, zot_1, zot_end,
          crypt_end, forest_end, elf_end, slime_end, tomb_end, abyss_end,
          pan_hell_end]

Skill      XL: |  1  2  3  4  5  6  7  8  9 10 11 12 13 14 |
---------------+-------------------------------------------+-----
Fighting       | 5 6 8 10 11 12 14 15 18 20 23 27 | 27.0
Long Blades    | 6 7 9 10 12 13 15 18 20 23 26 27 | 27.0
Armour         | 3 4 5 6 7 8 10 11 14 16 21 25 | 25.7
Dodging        | 3 5 6 7 8 9 10 11 12 | 12.6
Stealth        | 2 3 |  3.0
Evocations     | 3 |  3.5

Action                     |  1- 3 |  4- 6 |  7- 9 | 10-12 | 13-15 || total
---------------------------+-------+-------+-------+-------+-------++-------
  Melee: Falchion          |    18 |     6 |       |       |       ||    24
         Headbutt          |     3 |     3 |     3 |    62 |    40 ||   111
         Scimitar          |       |    10 |    68 |    63 |       ||   141
         Punch             |       |       |     1 |     1 |       ||     2
         Great sword       |       |       |       |    34 |       ||    34
         Triple sword      |       |       |       |   208 |   187 ||   395
 Invoke: Berserk           |     1 |     1 |     2 |     8 |     4 ||    16
         Brothers in Arms  |       |       |       |     3 |     3 ||     6
         Trog's Hand       |       |       |       |     1 |     5 ||     6
  Evoke: Wand              |       |       |       |       |     3 ||     3
    Use: Scroll            |       |       |       |     6 |     2 ||     8
         Potion            |       |       |       |    10 |     1 ||    11
 Armour: Animal skin       |     1 |       |       |       |       ||     1
         Chain mail        |       |     3 |    13 |    29 |       ||    45
         Plate armour      |       |       |       |    96 |    76 ||   172
  Dodge: Dodged            |    10 |    10 |    24 |   159 |    66 ||   269
